 Dungeon Crawl Stone Soup version 0.22-a0-322-g60b3cfd (webtiles) character file.

60 Kairos the Shield-Bearer (level 4, 0/37 HPs)
             Began as a Barachi Fighter on Apr 5, 2018.
             Succumbed to a worker ant's poison
             ... on level 2 of the Dungeon.
             The game lasted 00:01:40 (902 turns).

Kairos the Shield-Bearer (Barachi Fighter)           Turns: 902, Time: 00:01:41

Health: 0/37       AC:  7    Str: 17 (18) XL:     4   Next: 4%
Magic:  4/4        EV: 12    Int:  7 (8)  God:
Gold:   25         SH: 10    Dex: 22 (23) Spells: 3/3 levels left

rFire    . . .     SeeInvis .   a - +0 long sword
rCold    . . .     Gourm    .   c - +0 shield
rNeg     . . .     Faith    .   b - +0 scale mail
rPois    .         Spirit   .   (no helmet)
rElec    .         Reflect  .   (no cloak)
rCorr    .         Harm     .   (no gloves)
MR       .....                  (no boots)
Stlth    ++........             (no amulet)
HPRegen  0.12/turn              j - +6 ring of dexterity
MPRegen  0.09/turn              (no ring)

@: agile, lethally poisoned (0 -> -10), flying, hasted, quick
A: +LOS, swims, slowness 1, strong legs 1
a: Hop


You were on level 2 of the Dungeon.
You were hungry.

You visited 1 branch of the dungeon, and saw 2 of its levels.

You collected 25 gold pieces.

Inventory:

Hand Weapons
 a - a +0 long sword (weapon)
Armour
 b - a +0 scale mail (worn)
 c - a +0 shield (worn)
Jewellery
 j - a +6 ring of dexterity (left hand)
Scrolls
 g - a scroll of remove curse {unknown}
 h - a scroll of identify {unknown}
 i - 3 scrolls of amnesia {unknown}
Potions
 d - a potion of might
 m - 2 potions of agility
Comestibles
 f - 3 rations


   Skills:
 + Level 3.8 Fighting
 + Level 3.6 Long Blades
 + Level 4.0 Armour
 + Level 0.4 Dodging
 + Level 4.1 Shields


You had 3 spell levels left.
You didn't know any spells.

Dungeon Overview and Level Annotations

Branches:
Dungeon (2/15)

Altars:


Innate Abilities, Weirdness & Mutations

Shadows flee at your approach. (+LOS)
You can swim through water.
You cover ground slowly.
You can hop short distances.


Message History

You feel sick.
It was a potion of haste.
You feel yourself speed up.
* * * LOW HITPOINT WARNING * * *
You feel sick.
It was a potion of degeneration.
There was something very wrong with that liquid.
You feel weakened.
You feel dopey.
You feel clumsy.
* * * LOW HITPOINT WARNING * * *
You feel sick.
Okay, then.
There is a lethal amount of poison in your body!
* * * LOW HITPOINT WARNING * * *
You feel sick.
There is a stone staircase leading up here.
* * * LOW HITPOINT WARNING * * *
You feel sick.
Found a shiny diamond ring.
* * * LOW HITPOINT WARNING * * *
You feel sick.
You die...

.. #..# #. #..####
# ##
#..#.....#+#.#
..#..#...#.....# .
.............#
...###.#.#.#.....#
.........<.......#
######...####....#
##....@..=..#
#..####...##
...... ......
#....>. #####
#....#.. #.... ##
#.... #.... #.##


There were no monsters in sight!

Vanquished Creatures
  A worker ant (D:2)
  An adder zombie (D:1)
  A worm (D:2)
  4 leopard geckos (D:1)
  An orc (D:2)
  2 giant cockroaches (D:1)
  2 goblins (D:1)
  3 hobgoblins (D:1)
  3 kobolds (D:1)
  3 frilled lizards (D:1)
  A jackal zombie (D:1)
  4 rats (D:1)
26 creatures vanquished.

Notes
Turn   | Place    | Note
-------+----------+-------------------------------------------
     0 | D:1      | Kairos the Barachi Fighter began the quest for the Orb.
     0 | D:1      | Reached XP level 1. HP: 18/18 MP: 1/1
    69 | D:1      | Reached XP level 2. HP: 22/24 MP: 2/2
   534 | D:1      | Reached XP level 3. HP: 30/30 MP: 3/3
   893 | D:2      | Reached XP level 4. HP: 9/37 MP: 4/4
   900 | D:2      | HP: 1/37 [poisoned by a worker ant]
   902 | D:2      | Succumbed to a worker ant's poison

Vault maps used:
D:1:      saegor_arrival_fortress, minmay_tromino_v2
D:2:      old_standard_altar

Skill      XL: |  1  2  3 |
---------------+----------+-----
Long Blades    | 3 |  3.6
Armour         | 4 |  4.0
Shields        | 4 |  4.1
Fighting       | |  3.8
Dodging        | |  0.4

Action                   |  1- 3 |  4- 6 || total
-------------------------+-------+-------++-------
Melee: Long sword        |    74 |       ||    74
  Use: Potion            |     1 |     3 ||     4
Armor: Scale mail        |    23 |       ||    23
Dodge: Dodged            |    21 |       ||    21
Block: Shield            |    43 |       ||    43
       Rpst.: Long sword |     6 |       ||     6

Table legend:
 A = Spawn XP
 B = Non-spawn XP
 C = Spawn XP percentage of total XP
 D = Spawn monster count
 E = Non-spawn monster count
 F = Spawn count percentage of total count
 G = Total turns spent on level
                    A         B        C        D         E        F      G
               +---------+---------+-------+---------+---------+-------+---------
         Total |       0 |      86 |   0.0 |       0 |      26 |   0.0 |   902
               +---------+---------+-------+---------+---------+-------+---------
           D:1 |       0 |      44 |   0.0 |       0 |      23 |   0.0 |   875
           D:2 |       0 |      42 |   0.0 |       0 |       3 |   0.0 |    27
               +---------+---------+-------+---------+---------+-------+---------
